 Dungeon Crawl Stone Soup version 0.30-a0-639-g3916f1956a (webtiles) character file.

Game seed: 14722982845591939501

10372 timneilson the Carver (level 11, -1/83 HPs)
             Began as a Demonspawn Gladiator on Jan 17, 2023.
             Was a Believer of Qazlal.
             Slain by a redback (shapeshifter) (5 damage)
             ... on level 10 of the Dungeon.
             The game lasted 00:14:20 (8239 turns).

timneilson the Carver (Demonspawn Gladiator)        Turns: 8239, Time: 00:14:21

Health: -1/83      AC: 22    Str: 18    XL:     11   Next: 35%
Magic:  11/11      EV:  9    Int: 10    God:    Qazlal [**....]
Gold:   398        SH: 13    Dex: 15    Spells: 10/10 levels left

rFire   + + .      SeeInvis .    a - +1 long sword
rCold   . . .      Faith    .    x - +0 buckler
rNeg    . . .      Spirit   .    k - +0 chain mail
rPois   +          Reflect  .    t - +1 hat
rElec   .          Harm     .    H - +1 cloak {rPois}
rCorr   .          Rampage  .    (no gloves)
Will    .....                    l - +1 pair of boots Stlth
                                 j - amulet of regeneration
HPRegen 1.13/turn                y - ring of protection from fire
MPRegen 0.12/turn                z - ring of protection from fire

@: sanguine armoured, on berserk cooldown
A: horns 2, powered by death 2, sanguine armour 1, condensation shield
a: Renounce Religion, Upheaval


You were on level 10 of the Dungeon.
You worshipped Qazlal.
Qazlal was pleased with you.
You visited 2 branches of the dungeon, and saw 11 of its levels.

You collected 398 gold pieces.

Inventory:

Hand Weapons
 a - a +1 long sword (weapon)
Missiles
 d - 3 throwing nets (quivered)
 e - 4 javelins
 p - 4 silver javelins
Armour
 k - a +0 chain mail (worn)
 l - a +1 pair of boots (worn)
 t - a +1 hat (worn)
 x - a +0 buckler (worn)
 F - a +0 plate armour
 H - a +1 cloak of poison resistance (worn)
Jewellery
 j - an amulet of regeneration (around neck)
 y - a ring of protection from fire (left hand)
 z - a ring of protection from fire (right hand)
 K - a ring of magical power
Wands
 c - a wand of flame (35)
 o - a wand of polymorph (11)
 r - a wand of digging (12)
 w - a wand of iceblast (4)
 A - a wand of mindburst (12)
 B - a wand of paralysis (8)
Scrolls
 f - 3 scrolls of fog
 m - 9 scrolls of identify
 s - 3 scrolls of silence
 u - a scroll of amnesia
 v - 3 scrolls of enchant weapon
 C - a scroll of enchant armour
 G - a scroll of immolation
Potions
 b - 3 potions of cancellation
 g - 4 potions of brilliance
 h - a potion of haste
 i - a potion of attraction
 n - a potion of mutation
 q - a potion of ambrosia
 I - a potion of curing
 J - a potion of degeneration {unknown}


   Skills:
 + Level 6.6 Fighting
 * Level 8.6 Long Blades
 - Level 1.7 Throwing
 * Level 8.1 Armour
 + Level 6.3 Dodging
 * Level 6.7 Shields
 + Level 5.7 Evocations


You had 10 spell levels left.
You didn't know any spells.
Your spell library contained the following spells:

 Spells                   Type           Power      Damage    Failure   Level
 Magic Dart               Conj           0%         1d3       99%         1
 Lesser Beckoning         Tloc           0%         N/A       100%        2
 Searing Ray              Conj           0%         2d4       100%        2
 Frozen Ramparts          Ice            0%         1d1       100%        3
 Gell's Gravitas          Tloc           0%         N/A       100%        3
 Teleport Other           Tloc           0%         N/A       100%        3
 Vhi's Electric Charge    Tloc/Air       0%         N/A       100%        3
 Fulminant Prism          Conj/Hex       0%         3d5       100%        4
 Ice Form                 Ice/Tmut       0%         N/A       100%        4
 Summon Ice Beast         Ice/Summ       0%         N/A       100%        4
 Arcjolt                  Conj/Air       0%         1d10      100%        5
 Maxwell's Capacitive Co  Air            0%         ∞         100%        8


Dungeon Overview and Level Annotations

Branches:
Dungeon (10/15)            Temple (1/1) D:7
   Lair: D:8-11         Orc: D:9-12

Altars:
Ashenzari
Cheibriados
Dithmenos
Fedhas
Gozag
Hepliaklqana
Kikubaaqudgha
Makhleb
Nemelex Xobeh
Okawaru
Qazlal
Ru
Sif Muna
Uskayaw
Vehumet
Wu Jian
Xom
Yredelemnul

Shops:
D:4 =   D:7 (


Innate Abilities, Weirdness & Mutations

You have a pair of horns on your head.
You regenerate health from kills.
When seriously injured, your blood forms armour. (AC +6)
A meltable shield of frost defends you. (SH +4)


Message History

You feel very sick.
The orange demon stings you but does no damage.
The yak gores you but does no damage. The jumping spider pounces on you.
* * * LOW HITPOINT WARNING * * *
The jumping spider bites you but does no damage.
You feel better.
The jumping spider pounces on you but does no damage.
The jumping spider bites you but does no damage.
The orange demon stings you from afar.
* * * LOW HITPOINT WARNING * * *
The white imp shouts, "Slither hence, thou erky clay-brained nothing!"
The yak gores you but does no damage. The jumping spider pounces on you!
* * * LOW HITPOINT WARNING * * *
You are caught in a web!
The jumping spider completely misses you.
You feel much better. The orange demon stings you from afar!
* * * LOW HITPOINT WARNING * * *
The yak closely misses you. The jumping spider closely misses you.
The jumping spider bites you but does no damage.
You struggle to detach yourself from the web.
The jumping spider pounces on you!
* * * LOW HITPOINT WARNING * * *
You are even more entangled.
The jumping spider bites you but does no damage.
The orange demon stings you but does no damage.
The yak gores you but does no damage. The jumping spider pounces on you.
* * * LOW HITPOINT WARNING * * *
The jumping spider bites you but does no damage.
The web tears apart.
You feel yourself slow down.
The jumping spider changes into a redback!
An orc wizard appears from thin air!
Reactivating autopickup.
You block the yak's attack.
The orange demon stings you but does no damage.
You slash the redback!
The redback is heavily wounded.
You feel yourself speed up. The redback bites you.
You die...

##
####(.####
#.?#''#..#
#(#.)).#[#
#......#
+......+
+......+
##4.....#
#Y#o5..#!#
#@s#++#$.#
#### ###


You could see an orange demon, a yak, a redback shaped shifter, an orc wizard
and a white imp.

Vanquished Creatures
  Harold (D:10)
  2 two-headed ogres (D:9)
  Amaemon (D:10)
  Maurice (D:8)
  An ice statue (D:9)
  Prince Ribbit (D:7)
  A centaur simulacrum (D:10)
  Sigmund (D:6)
  3 wyverns
  9 yaks
  Grum (D:8)
  2 steam dragons
  4 vampire mosquitoes (D:8)
  Menkaure (D:6)
  Edmund (D:5)
  2 water moccasins
  2 ice beasts
  2 black bears
  An orc warrior (D:8)
  5 wolves
  An ogre (D:5)
  5 centaurs
  A phantom (D:5)
  Blork the orc (D:5)
  2 bullfrogs
  3 necrophages
  2 scorpions
  14 wights
  3 killer bees (D:9)
  6 howler monkeys
  4 orc priests
  4 hounds
  2 jellies (D:5)
  Jessica (D:3)
  Ijyb (D:5)
  Natasha (thrice) (D:3)
  3 iguanas
  5 orc wizards
  4 gnolls (D:3)
  7 adders
  2 shadow imps
  A white imp (D:3)
  2 ufetubi
  2 worms (D:2)
  A dart slug (D:3)
  30 orcs
  7 endoplasms
  A giant cockroach (D:4)
  6 goblins
  5 hobgoblins
  2 jackals (D:4)
  A quokka (D:3)
  6 ball pythons
  6 bats
  2 frilled lizards
  7 kobolds
  4 rats
199 creatures vanquished.

Vanquished Creatures (others)
  A yak (D:10)
  A howler monkey (D:10)
  2 orc wizards (D:9)
  2 orcs (D:9)
  33 plants (D:10)
39 creatures vanquished.

Grand Total: 238 creatures vanquished

Notes
Turn   | Place    | Note
-------+----------+-------------------------------------------
     0 | D:1      | timneilson the Demonspawn Gladiator began the quest for the
                  | Orb.
     0 | D:1      | Reached XP level 1. HP: 16/16 MP: 1/1
   224 | D:1      | Gained mutation: You have a pair of small horns on your
                  | head. [demonic ancestry]
   224 | D:1      | Reached XP level 2. HP: 7/22 MP: 2/2
   729 | D:2      | Reached skill level 1 in Armour
   752 | D:2      | Reached XP level 3. HP: 27/27 MP: 3/3
  1712 | D:3      | Reached XP level 4. HP: 34/34 MP: 4/4
  1783 | D:3      | Noticed Jessica
  1789 | D:3      | Killed Jessica
  1921 | D:3      | Reached XP level 5. HP: 39/39 MP: 5/5
  2121 | D:3      | You fall into a shaft and drop 1 floor!
  2233 | D:3      | Noticed Natasha
  2243 | D:3      | Killed Natasha
  2264 | D:3      | Noticed a black bear
  2274 | D:3      | Killed a black bear
  2275 | D:3      | Gained mutation: You regenerate a little health from kills.
                  | [demonic ancestry]
  2275 | D:3      | Reached XP level 6. HP: 30/47 MP: 6/6
  2368 | D:3      | Noticed Natasha
  2378 | D:3      | Killed Natasha
  2379 | D:3      | Reached skill level 1 in Evocations
  2394 | D:3      | Noticed Natasha
  2405 | D:3      | Killed Natasha
  2597 | D:4      | Found Xol Buqi's Jewellery Shoppe.
  3137 | D:4      | Noticed an ice beast
  3146 | D:4      | Killed an ice beast
  3147 | D:4      | Gained mutation: When seriously injured, your blood forms
                  | armour. (AC +6) [demonic ancestry]
  3147 | D:4      | Reached XP level 7. HP: 45/52 MP: 7/7
  3201 | D:5      | Entered Level 5 of the Dungeon
  3272 | D:5      | Noticed Edmund
  3307 | D:5      | Killed Edmund
  3425 | D:5      | Reached skill level 5 in Long Blades
  3634 | D:5      | Reached skill level 1 in Shields
  3634 | D:5      | Gained mutation: You have a pair of horns on your head.
                  | [demonic ancestry]
  3634 | D:5      | Reached XP level 8. HP: 47/60 MP: 8/8
  3652 | D:5      | Noticed Blork the orc
  3667 | D:5      | Killed Blork the orc
  3789 | D:5      | Noticed Ijyb
  3798 | D:5      | Killed Ijyb
  4287 | D:6      | Noticed Menkaure
  4292 | D:6      | Killed Menkaure
  4298 | D:6      | Reached skill level 5 in Armour
  4549 | D:6      | Reached XP level 9. HP: 28/58 MP: 9/9
  4695 | D:6      | Noticed Sigmund
  4706 | D:6      | Killed Sigmund
  5074 | D:7      | Found Xeluaschu's Weapon Boutique.
  5310 | D:7      | Reached skill level 5 in Fighting
  5360 | D:7      | Noticed Prince Ribbit
  5374 | D:7      | Killed Prince Ribbit
  5375 | D:7      | Reached skill level 5 in Dodging
  5387 | D:7      | Found a staircase to the Ecumenical Temple.
  5395 | Temple   | Entered the Ecumenical Temple
  5564 | Temple   | Became a worshipper of Qazlal Stormbringer
  6318 | D:8      | Noticed Maurice
  6331 | D:8      | Killed Maurice
  6414 | D:8      | Gained mutation: You regenerate health from kills. [demonic
                  | ancestry]
  6414 | D:8      | Reached XP level 10. HP: 50/74 MP: 10/10
  6483 | D:8      | Noticed Grum
  6505 | D:8      | Killed Grum
  6506 | D:8      | Reached skill level 5 in Shields
  6522 | D:8      | Reached * piety under Qazlal
  7325 | D:8      | Reached skill level 5 in Evocations
  7527 | D:9      | Noticed a two-headed ogre
  7541 | D:9      | Killed a two-headed ogre
  7543 | D:9      | Noticed a two-headed ogre
  7566 | D:9      | Killed a two-headed ogre
  7567 | D:9      | Gained mutation: A meltable shield of frost defends you.
                  | (SH +4) [demonic ancestry]
  7567 | D:9      | Reached XP level 11. HP: 28/81 MP: 11/11
  7609 | D:9      | Identified the +3 flail "Fasis" {venom, rN+}
  7613 | D:9      | Found an iron altar of Okawaru.
  7655 | D:9      | Reached ** piety under Qazlal
  8054 | D:9      | Found a hazy altar of Hepliaklqana.
  8110 | D:10     | Entered Level 10 of the Dungeon
  8190 | D:10     | Noticed Harold
  8190 | D:10     | Noticed Amaemon
  8198 | D:10     | Killed Amaemon
  8205 | D:10     | Killed Harold
  8235 | D:10     | HP: 4/83 [jumping spider (shapeshifter) (8)]
  8237 | D:10     | HP: 1/83 [jumping spider (shapeshifter) (3)]
  8239 | D:10     | Slain by a redback (shapeshifter)

Illustrated notes

Levels and vault maps discovered:
D:1:      amcnicky_arrival_feature_with_door, layout_loops_ring,
          minmay_misc_feat_alley
D:2:      layout_loops_ring, serial_co_window_serial, co_window_paths_a,
          co_window_cross_1, co_window_paths_a, co_window_paths_b,
          co_window_of_opportunity_a, co_window_broadway_c, co_window_cross_3,
          co_window_cross_2, co_window_unsneaky_path_e, co_window_broadway_b,
          co_window_corner_b, co_window_corner_b, co_window_4corner_b,
          glass_columns_a, glass_columns_a, glass_columns_a, minmay_pentomino_z2
D:3:      layout_loops_cross, uniq_jessica, uniq_natasha
D:4:      layout_basic, serial_shops, nicolae_shop_stone
D:5:      layout_loops_corners, grunt_ministairs_7, uniq_blork_the_orc,
          uniq_edmund, uniq_ijyb
D:6:      layout_loops_ring, uniq_sigmund, uniq_menkaure
D:7:      layout_loops_ring, minmay_temple_entry_junction, serial_shops,
          nicolae_shop_crystal, grunt_ministairs_4, uniq_prince_ribbit1
D:8:      layout_basic, grunt_decor_mini_mirrors, uniq_grum, uniq_maurice
D:9:      layout_roguey, nicolae_overflow_hidden_temple, minivault_16
D:10:     layout_rooms, david_lair_shrubbed, enter_bailey_3, serial_ice,
          serial_ice_o, serial_ice_b, serial_ice_h, serial_ice_m, serial_ice_c,
          serial_ice_g, serial_ice_e, serial_ice_n, lightli_fourway_metalbox,
          uniq_harold, uniq_amaemon
Temple:   nicolae_temple_bog_church

Skill      XL: |  1  2  3  4  5  6  7  8  9 10 11 |
---------------+----------------------------------+-----
Long Blades    | 3 4 5 6 7 8 |  8.6
Armour         | 1 2 3 4 5 6 7 8 |  8.1
Dodging        | 3 4 5 6 |  6.3
Fighting       | 3 4 5 6 |  6.6
Evocations     | 1 2 3 4 5 |  5.7
Shields        | 1 3 4 6 |  6.7
Throwing       | |  1.7

Action                   |  1- 3 |  4- 6 |  7- 9 | 10-12 || total
-------------------------+-------+-------+-------+-------++-------
Melee: Long sword        |   114 |   121 |   453 |   361 ||  1049
       Headbutt          |    12 |    17 |    97 |    86 ||   212
       Punch             |       |       |     2 |       ||     2
Evoke: Wand              |       |       |     1 |       ||     1
  Use: Scroll            |     7 |     4 |     7 |     1 ||    19
       Potion            |       |       |     4 |     6 ||    10
Armor: Ring mail         |    39 |    49 |    73 |       ||   161
       Chain mail        |       |       |   157 |   336 ||   493
Dodge: Dodged            |    68 |    80 |   233 |   254 ||   635
Block: Buckler           |       |       |    64 |   227 ||   291

Table legend: (Time is in decaauts)
 A = Elapsed time spent in this place.
 B = Non-inter-level travel time spent in this place.
 C = Inter-level travel time spent in this place.
 D = Time resting spent in this place.
 E = Time spent auto-exploring this place.
 F = Levels seen in this place.
 G = Mean time per level.
                   A        B        C        D        E       F      G
               +--------+--------+--------+--------+--------+-----+--------+
         Total |   8374 |   8055 |    319 |     36 |   5898 |  11 |  761.3 |
       Dungeon |   8187 |   7893 |    294 |     36 |   5758 |  10 |  818.7 |
        Temple |    186 |    161 |     25 |      0 |    140 |   1 |  186.0 |
               +--------+--------+--------+--------+--------+-----+--------+

Top non-repeatable levels by time:
     D:8: 1507 daAuts
     D:5: 1121 daAuts
     D:2: 993 daAuts
     D:4: 800 daAuts
     D:6: 774 daAuts
     D:3: 745 daAuts
     D:7: 742 daAuts
     D:1: 713 daAuts
     D:9: 664 daAuts
  Temple: 186 daAuts
    D:10: 123 daAuts
